 Dungeon Crawl Stone Soup version 0.29-a0-824-gd827844252 (webtiles) character file.

Game seed: 12041515258063449550

235906 buhh the Alchemist (level 19, -15/172 HPs)
             Began as an Octopode Transmuter on July 10, 2022.
             Was a High Priest of Cheibriados.
             Demolished by a tengu reaver simulacrum (24 damage)
             ... led by a necromancer
             ... on level 1 of the Vaults.
             The game lasted 01:01:27 (46335 turns).

buhh the Alchemist (Octopode Transmuter)           Turns: 46335, Time: 01:01:28

Health: -15/172    AC: 36    Str: 30    XL:     19   Next: 19%
Magic:  29/37      EV: 27    Int: 36    God:    Cheibriados [*****.]
Gold:   1967       SH: 14    Dex: 27    Spells: 4/22 levels left

rFire   . . .      SeeInvis +     - Unarmed
rCold   + . .      Faith    .   X - +0 kite shield {reflect}
rNeg    + . .      Spirit   .   I - +2 hat
rPois   ∞          Reflect  +   U - amulet of magic regeneration
rElec   +          Harm     .   i - +4 ring of slaying
rCorr   .          Rampage  .   O - ring of protection from fire
Will    +....                   V - +4 ring of protection
Stlth   ++++++....              B - +4 ring of evasion
HPRegen 0.38/turn               K - ring of magical power
MPRegen 0.65/turn               G - ring of ice
                                n - ring of see invisible
                                Y - +6 ring of strength

@: statue-form, marked, wereblooded, very slow
A: slow and powerful, torment resistance 1, boosted hp, almost no armour,
amphibious, 8 rings, camouflage 1, (gelatinous body 1), (nimble swimmer 1),
tentacles
}: 2/15 runes: serpentine, barnacled
a: End Transformation, Renounce Religion, Bend Time, Temporal Distortion,
Slouch, Step From Time


You were on level 1 of the Vaults.
You worshipped Cheibriados.
Cheibriados was extremely pleased with you.
You were a living statue of rough stone.
You visited 8 branches of the dungeon, and saw 35 of its levels.
You also visited: Trove.

You collected 2814 gold pieces.
You spent 847 gold pieces at shops.

Inventory:

Missiles
 L - 3 curare-tipped darts
 P - 5 throwing nets
Armour
 I - a +2 hat (worn)
 X - a +0 kite shield of reflection (worn)
Jewellery
 i - a +4 ring of slaying (left tentacle)
 n - a ring of see invisible (on tentacle)
 B - a +4 ring of evasion (on tentacle)
 G - a ring of ice (on tentacle)
 J - a ring of flight
 K - a ring of magical power (on tentacle)
 O - a ring of protection from fire (right tentacle)
 U - an amulet of magic regeneration (around mantle)
 V - a +4 ring of protection (on tentacle)
 Y - a +6 ring of strength (on tentacle)
Wands
 A - a wand of digging (10)
 C - a wand of iceblast (14)
 D - a wand of mindburst (13)
 E - a wand of flame (36)
 F - a wand of charming (24)
 H - a wand of quicksilver (11)
Scrolls
 a - 3 scrolls of identify {!d}
 b - 2 scrolls of blinking {!d}
 c - 15 scrolls of teleportation {!d!d}
 d - 6 scrolls of magic mapping {!d}
 e - a scroll of poison
 f - 4 scrolls of fog
 g - 6 scrolls of amnesia
 h - 6 scrolls of enchant armour
 j - 4 scrolls of enchant weapon
 k - 5 scrolls of torment
 l - a scroll of immolation {!r}
 y - 4 scrolls of fear {!d}
 N - a scroll of summoning
 T - 8 scrolls of noise
Potions
 m - a potion of might
 o - 3 potions of mutation {!q!d}
 p - 3 potions of invisibility {!d}
 q - 5 potions of magic {!d}
 r - a potion of cancellation {!q!d}
 s - a potion of resistance {!d}
 t - 8 potions of brilliance {!d}
 u - a potion of ambrosia {!d}
 v - 10 potions of curing {!d}
 w - 6 potions of heal wounds {!d}
 z - 2 potions of berserk rage {!q}
 M - 4 potions of attraction
 S - 7 potions of degeneration
 Z - 4 potions of flight
Miscellaneous
 x - a phantom mirror
 Q - a condenser vane
 R - a tin of tremorstones (2/2)
 W - a phial of floods


   Skills:
 * Level 12.8 Fighting
 * Level 12.8 Dodging
 - Level 9.0 Stealth
 - Level 10.0 Shields
 * Level 12.8 Unarmed Combat
 - Level 2.0 Spellcasting
 - Level 15.2 Transmutations
 - Level 5.0 Ice Magic
 - Level 3.4 Air Magic
 - Level 15.0 Earth Magic
 - Level 1.0 Poison Magic
 - Level 13.0 Invocations


You had 4 spell levels left.
You knew the following spells:

 Your Spells              Type           Power      Damage    Failure   Level
a - Beastly Appendage     Tmut           100%       N/A       1%          1
b - Wereblood             Tmut           85%        N/A       1%          2
c - Spider Form           Tmut/Pois      58%        N/A       1%          3
d - Ice Form              Ice/Tmut       85%        N/A       1%          4
e - Passwall              Tmut/Erth      70%        N/A       1%          2
f - Statue Form           Tmut/Erth      56%        N/A       3%          6

Your spell library contained the following spells:

 Spells                   Type           Power      Damage    Failure   Level
 Sandblast                Erth           100%       2d20      1%          1
 Sting                    Tmut/Pois      100%       1d8       1%          1
 Stone Arrow              Conj/Erth      100%       3d13      1%          3
 Petrify                  Tmut/Erth      85%        N/A       1%          4
 Ignite Poison            Fire/Tmut/Pois 42%        N/A       3%          3
 Ozocubu's Armour         Ice            56%        N/A       4%          3
 Shock                    Conj/Air       64%        1d7       6%          1
 Ensorcelled Hibernation  Hex/Ice        64%        N/A       6%          2
 Swiftness                Air            28%        N/A       9%          3
 Magic Dart               Conj           12%        1d3       12%         1
 Necrotise                Necr           12%        1d4       12%         1
 Summon Small Mammal      Summ           12%        N/A       12%         1
 Blink                    Tloc           6%         N/A       17%         2
 Call Imp                 Summ           3%         N/A       17%         2
 Searing Ray              Conj           6%         2d4       17%         2
 Mephitic Cloud           Conj/Pois/Air  14%        N/A       19%         3
 Call Canine Familiar     Summ           3%         N/A       34%         3
 Conjure Flame            Conj/Fire      3%         6-21      34%         3
 Dazzling Flash           Conj/Hex       6%         N/A       34%         3
 Teleport Other           Tloc           3%         N/A       34%         3
 Vampiric Draining        Necr           3%         2d6       34%         3
 Hailstorm                Conj/Ice       32%        3d8       38%         4
 Summon Ice Beast         Ice/Summ       32%        N/A       38%         4
 Summon Lightning Spire   Summ/Air       16%        N/A       50%         4
 Olgreb's Toxic Radiance  Pois           10%        N/A       58%         4
 Anguish                  Hex/Necr       1%         N/A       75%         4
 Flame Wave               Conj/Fire      3%         2d4       75%         4
 Fulminant Prism          Conj/Hex       1%         3d6       75%         4
 Passage of Golubria      Tloc           3%         N/A       75%         4
 Sticky Flame             Conj/Fire      3%         2d3       75%         4
 Borgnjor's Vile Clutch   Necr/Erth      27%        N/A       14%         5
 Eringya's Noxious Bog    Tmut/Pois      29%        N/A       54%         6
 Freezing Cloud           Conj/Ice/Air   17%        6-21      71%         5
 Metabolic Englaciation   Hex/Ice        16%        N/A       75%         5
 Silence                  Hex/Air        8%         N/A       85%         5
 Storm Form               Tmut/Air       31%        N/A       91%         7
 Agony                    Necr           3%         N/A       97%         5
 Fireball                 Conj/Fire      1%         3d3       97%         5
 Summon Forest            Summ/Tloc      1%         N/A       97%         5
 Summon Mana Viper        Hex/Summ       3%         N/A       97%         5
 Simulacrum               Ice/Necr       16%        N/A       99%         6
 Conjure Ball Lightning   Conj/Air       8%         3x3d6     100%        6
 Death Channel            Necr           1%         N/A       100%        6
 Dispersal                Tloc           1%         N/A       100%        6
 Haunt                    Necr/Summ      1%         N/A       100%        7
 Monstrous Menagerie      Summ           1%         N/A       100%        7
 Orb of Destruction       Conj           1%         9d5       100%        7
 Summon Hydra             Summ           1%         N/A       100%        7
 Disjunction              Tloc           1%         N/A       100%        8
 Lehudib's Crystal Spear  Conj/Erth      27%        10d7      100%        8
 Maxwell's Capacitive Co  Air            14%        ∞         100%        8


Dungeon Overview and Level Annotations

Branches:
Dungeon (15/15) Zot: 37921  Temple (1/1) D:7 Zot: 8940    Lair (6/6) D:9 Zot: 36035
 Shoals (4/4) Lair:2 Zot: 25675   Snake (4/4) Lair:4 Zot: 28223   Slime (0/5) Lair:6
    Orc (2/2) D:10 Zot: 13986     Elf (2/3) Orc:2 Zot: 13764  Vaults (1/5) D:14 Zot: 8239
 Depths (0/4) D:15

Altars:
Ashenzari
Cheibriados
Dithmenos
Elyvilon
Fedhas
Gozag
Hepliaklqana
Kikubaaqudgha
Makhleb
Nemelex Xobeh
Okawaru
Qazlal
Ru
Sif Muna
Trog
Uskayaw
Vehumet
Wu Jian
Xom
Yredelemnul
Zin
The Shining One
Jiyva

Shops:
D:2 ?   D:4 *   Orc:2 **[[   Elf:1 [   Elf:2 [[(   Shoals:2 *   Snake:3 [

Annotations:
D:4 exclusion: ice beast
D:7 2 transporters, zhov's ghost, novice OpFi
D:12 exclusion: downstairs
Temple 2 transporters
Lair:5 exclusion: oklob plant
Lair:6 exclusion: obsidian statue
Shoals:2 exclusion: downstairs
Shoals:3 Ilsuiw; Jorgrun
Shoals:4 exclusion: upstairs
Snake:4 1 runed translucent door, zhov's ghost, adept MiFi
Elf:1 Roxanne


Innate Abilities, Weirdness & Mutations

You are a living statue of rough stone.
Your actions are slow, but your melee attacks are powerful.
You are resistant to unholy torment.
Your maximum health is greatly increased.
You are immune to poison.
You cannot wear most types of armour.
You are amphibious.
You can wear up to eight rings at the same time.
Your skin changes colour to match your surroundings (Stealth+).
((Your rubbery body absorbs attacks. (AC +1, EV +1)))
((You are camouflaged when in or above water. (Stealth+)))
You have tentacles for arms and can constrict up to eight enemies at once.


Message History

The lindwurm simulacrum barely misses you.
You are too injured to fight recklessly!
Activating: Slouch (1% risk of failure)
Press: ? - help, Dir - look around, f - activate You can feel time thicken for a moment.
The frost giant zombie hits you but does no damage.
You block the ironbound preserver simulacrum's attack.
You block the lindwurm simulacrum's attack.
The lindwurm simulacrum completely misses you.
The lindwurm simulacrum closely misses you.
The tengu reaver simulacrum closely misses you.
The tengu reaver simulacrum pecks you but does no damage.
The tengu reaver simulacrum claws you but does no damage.
The lindwurm simulacrum bites you. The lindwurm simulacrum freezes you!
You resist. The lindwurm simulacrum claws you.
The lindwurm simulacrum freezes you! You resist.
* * * LOW HITPOINT WARNING * * *
The lindwurm simulacrum misses you.
The lindwurm simulacrum bites you but does no damage.
The lindwurm simulacrum claws you.
* * * LOW HITPOINT WARNING * * *
The lindwurm simulacrum freezes you! You resist.
* * * LOW HITPOINT WARNING * * *
The lindwurm simulacrum misses you. The frost giant zombie misses you.
Activating: Slouch (1% risk of failure)
Press: ? - help, Dir - look around, f - activate You can feel time thicken for a moment.
The lindwurm simulacrum vaporises! x3; The deep troll simulacrum vaporises!
Cheibriados lowers the support of your attributes as your movement quickens.
The ironbound preserver simulacrum closely misses you.
The tengu reaver simulacrum hits you.
* * * LOW HITPOINT WARNING * * *
The tengu reaver simulacrum freezes you!!
You resist.
* * * LOW HITPOINT WARNING * * *
The tengu reaver simulacrum pecks you.
* * * LOW HITPOINT WARNING * * *
The tengu reaver simulacrum freezes you!!
You resist.
You die...

#....# #....#
#....# #....#
# #....# ..
#....#
#.#....#
..#.'.Z○.#
#....#.○8[#
.###.#.°ZZ#
#...#..☼.'.
#..##....#...
...#
#....'.....
..#
#....#.....
.#
#....#.....
#....# ####


You could see an ironbound preserver simulacrum, a tengu reaver simulacrum and a
frost giant zombie.

Vanquished Creatures
  Saint Roka (Orc:2)
  Nikola (Shoals:3)
  A kraken (Shoals:1)
  Kirke (D:15)
  Donald (Shoals:4)
  9 nagarajas
  A vault warden (Vaults:1)
  A deep elf sorcerer (Elf:1)
  An orc warlord (Orc:2)
  An ironbound thunderhulk (Vaults:1)
  Nessos (Lair:5)
  3 ironbound preservers (Vaults:1)
  A dire elephant (Lair:6)
  A deep elf death mage (Elf:2)
  Snorg (Orc:2)
  3 merfolk impalers
  6 merfolk javelineers
  2 deep elf high priests (Elf:1)
  Erolcha (Orc:2)
  Fannar (Lair:1)
  2 salamander tyrants (Snake:4)
  Harold (Orc:1)
  7 anacondas
  3 merfolk avatars
  4 hydras
  3 alligator snapping turtles
  4 boulder beetles
  11 naga warriors
  An ironbound frostheart (Vaults:1)
  A death knight (D:12)
  5 centaur warriors
  6 merfolk aquamancers
  6 two-headed ogres
  4 death yaks
  4 orc high priests
  4 shock serpents
  2 tengu warriors
  6 dancing weapons
  Urug (Lair:5)
  10 naga sharpshooters
  Sonja (Orc:2)
  Nergalle (Orc:1)
  5 deep elf knights
  A skeletal warrior (D:12)
  2 salamander mystics
  A spectral death yak (Lair:6)
  9 sea snakes
  A spectral anaconda (Lair:6)
  12 deep trolls (Vaults:1)
  13 deep elf archers
  7 naga ritualists
  2 wizards
  23 deep elf pyromancers
  A harpy (Vaults:1)
  6 necromancers
  2 ironbound convokers (Vaults:1)
  3 lindwurms (Vaults:1)
  3 mana vipers
  31 deep elf zephyrmancers
  2 ugly things
  6 fauns
  8 orc sorcerers
  6 cyclopes
  19 manticores
  Maurice (D:12)
  6 elephants (Lair:6)
  9 merfolk sirens
  A vault sentinel (Vaults:1)
  2 guardian serpents
  An elf zombie (Vaults:1)
  13 naga magi
  28 black mambas
  5 water nymphs
  An unseen horror (D:11)
  2 gargoyles
  3 centaur skeletons (D:15)
  A dire elephant skeleton (Lair:6)
  An unseen horror zombie (D:8)
  16 cane toads
  A rime drake (Lair:6)
  5 yaktaurs (Vaults:1)
  An unseen horror (shapeshifter) (D:15)
  A komodo dragon (shapeshifter) (D:13)
  7 komodo dragons
  5 tengu conjurers
  7 trolls
  6 polar bears
  18 merfolk
  8 wind drakes
  3 spectral elephants (Lair:6)
  11 snapping turtles
  20 blink frogs
  3 dream sheep (Shoals:4)
  4 air elementals
  19 water elementals
  5 wraiths
  2 hogs (D:15)
  2 vampires
  2 centaur simulacra
  2 shadows
  8 wyverns
  3 fire elementals (Elf:1)
  4 basilisks
  A steam dragon (D:9)
  35 yaks
  2 death yak simulacra (Lair:6)
  6 vampire mosquitoes
  A warg (Orc:2)
  36 nagas
  An acid dragon (D:10)
  A harpy simulacrum (D:15)
  A human simulacrum (Vaults:1)
  16 water moccasins
  Duvessa (D:5)
  2 hell hounds (Lair:1)
  32 orc warriors
  4 black bears
  2 sky beasts
  3 elephant zombies (Lair:6)
  7 centaurs
  11 ogres
  6 wolves (Lair:4)
  A phantom (D:3)
  An elephant skeleton (Lair:6)
  2 kobold brigands
  13 bullfrogs
  A gnoll sergeant (D:9)
  A wyvern zombie (D:8)
  3 cane toad simulacra (Lair:6)
  A scorpion (D:6)
  13 wights
  Dowan (D:5)
  13 killer bees
  An elephant simulacrum (Lair:6)
  2 electric eels
  6 howler monkeys
  15 jellies
  4 centaur zombies
  A hound (D:5)
  A gnoll bouda (D:6)
  17 orc priests
  6 iguanas (D:5)
  Terence (D:3)
  Natasha (thrice) (D:2)
  19 orc wizards
  2 killer bee zombies (D:8)
  6 gnolls
  5 adders
  3 shadow imps
  An ufetubus (D:5)
  A worm (D:2)
  A dart slug (D:5)
  106 orcs
  10 endoplasms
  4 giant cockroaches
  4 goblins
  3 hobgoblins (D:1)
  4 jackals (D:4)
  7 quokkas
  5 ball pythons
  2 bats
  3 frilled lizards
  20 kobolds
  4 rats
  3 tentacles (Shoals:1)
1013 creatures vanquished.

Vanquished Creatures (collateral kills)
  A two-headed ogre (D:9)
  A komodo dragon (D:9)
  An orc warrior (D:9)
  A bullfrog (D:9)
4 creatures vanquished.

Vanquished Creatures (others)
  3 deep elf knights (Elf:1)
  A deep elf archer (Elf:1)
  2 deep elf zephyrmancers
  3 wights (D:7)
  A jelly (D:7)
  An orc priest (D:7)
  An orc wizard (D:7)
  2 orcs (D:7)
  24 fungi
  160 plants
  6 tentacles (Shoals:1)
  17 withered plants
221 creatures vanquished.

Grand Total: 1238 creatures vanquished

Notes
Turn   | Place    | Note
-------+----------+-------------------------------------------
     0 | D:1      | buhh the Octopode Transmuter began the quest for the Orb.
     0 | D:1      | Reached XP level 1. HP: 13/13 MP: 3/3
   115 | D:1      | Reached skill level 1 in Stealth
   119 | D:1      | Reached XP level 2. HP: 12/18 MP: 5/5
   131 | D:1      | Reached skill level 1 in Poison Magic
   802 | D:1      | Reached XP level 3. HP: 17/23 MP: 4/6
  1217 | D:2      | Found a faded altar of an unknown god.
  1317 | D:2      | Found Jyfolokk's Magic Scroll Emporium.
  1336 | D:2      | Bought a scroll of teleportation for 39 gold pieces
  1514 | D:2      | Noticed Natasha
  1607 | D:1      | Learned a level 2 spell: Wereblood
  1611 | D:1      | Learned a level 3 spell: Spider Form
  1618 | D:2      | Killed Natasha
  1619 | D:2      | Reached XP level 4. HP: 22/29 MP: 3/7
  1859 | D:2      | Noticed Natasha
  1867 | D:2      | Killed Natasha
  2262 | D:2      | Noticed Natasha
  2288 | D:3      | Noticed a phantom
  2305 | D:3      | Killed a phantom
  2306 | D:3      | Reached XP level 5. HP: 26/35 MP: 1/8
  2309 | D:3      | Noticed Terence
  2320 | D:3      | Killed Terence
  2651 | D:3      | Found a burning altar of Makhleb.
  3141 | D:3      | Found a glowing golden altar of the Shining One.
  3170 | D:3      | Found a broken altar of Ashenzari.
  3207 | D:4      | Reached XP level 6. HP: 32/42 MP: 5/9
  3610 | D:4      | Noticed an ice beast
  3812 | D:2      | Killed Natasha
  4214 | D:4      | Found Zin's Purification Station.
  4214 | D:4      | Found a glowing silver altar of Zin.
  4954 | D:5      | Entered Level 5 of the Dungeon
  5037 | D:5      | Noticed Dowan
  5052 | D:5      | Noticed Duvessa
  5059 | D:5      | Killed Duvessa
  5060 | D:5      | Reached XP level 7. HP: 39/47 MP: 4/10
  5064 | D:5      | Killed Dowan
  5065 | D:5      | Reached skill level 5 in Unarmed Combat
  5526 | D:5      | Found the +8 trident of the Octopus King {venom, rElec
                  | rPois}
  5861 | D:5      | Reached XP level 8. HP: 50/54 MP: 8/11
  5925 | D:5      | Reached skill level 5 in Dodging
  6804 | D:5      | Reached skill level 5 in Fighting
  8172 | D:4      | Reached skill level 5 in Transmutations
  8250 | D:7      | Noticed a hornet
  8282 | D:7      | Reached XP level 9. HP: 57/62 MP: 8/12
  8326 | D:7      | Reached skill level 1 in Ice Magic
  8994 | D:7      | Found a transporter.
  8994 | D:7      | Found a transporter.
  9081 | D:7      | Found a staircase to the Ecumenical Temple.
  9095 | Temple   | Entered the Ecumenical Temple
  9095 | Temple   | Found a transporter.
  9095 | Temple   | Found a transporter.
  9097 | Temple   | Found a transporter.
  9097 | Temple   | Found a transporter.
  9121 | Temple   | Became a worshipper of Cheibriados the Contemplative
  9286 | D:7      | Noticed zhov's ghost (novice OpFi)
  9847 | D:8      | Learned a level 4 spell: Ice Form
 10473 | D:8      | Reached skill level 5 in Ice Magic
 10473 | D:8      | Reached XP level 10. HP: 71/71 MP: 7/13
 10658 | D:8      | Reached * piety under Cheibriados
 11260 | D:8      | Found a basalt altar of Yredelemnul.
 11994 | D:9      | Noticed a two-headed ogre
 12010 | D:9      | Killed a two-headed ogre
 12091 | D:9      | Reached ** piety under Cheibriados
 12107 | D:9      | Identified the +3 dagger "Muesaen" {drain, rN++ Int+6
                  | Dex-5}
 12139 | D:9      | Noticed a gargoyle
 12151 | D:9      | Killed a gargoyle
 12251 | D:9      | Reached XP level 11. HP: 55/78 MP: 1/14
 12877 | D:9      | Found a staircase to the Lair.
 12943 | D:9      | Noticed a two-headed ogre
 12954 | D:9      | Killed a two-headed ogre
 13217 | D:10     | Entered Level 10 of the Dungeon
 13282 | D:10     | Learned a level 2 spell: Passwall
 13690 | D:10     | Reached *** piety under Cheibriados
 13735 | D:10     | Found a staircase to the Orcish Mines.
 13865 | Lair:1   | Entered Level 1 of the Lair of Beasts
 14236 | Lair:1   | Noticed Fannar
 14278 | Lair:1   | Killed Fannar
 15439 | Lair:2   | Reached **** piety under Cheibriados
 15529 | Lair:2   | Reached skill level 10 in Fighting
 15529 | Lair:2   | Reached XP level 12. HP: 87/87 MP: 15/15
 15542 | Lair:2   | Reached skill level 10 in Dodging
 15546 | Lair:2   | Reached skill level 10 in Unarmed Combat
 15801 | Lair:2   | Found a staircase to the Shoals.
 16618 | Lair:3   | Noticed a five-headed hydra
 16684 | Lair:3   | Killed a five-headed hydra
 17309 | Lair:3   | Identified the +4 hand axe of Qedajaell {vorpal, rF++ rN+
                  | Dex-4}
 17568 | Lair:3   | Reached ***** piety under Cheibriados
 17593 | Lair:3   | Identified the +2 robe of the Sandy God {-Tele rF+ Int+8}
 18198 | Lair:4   | Found a staircase to the Snake Pit.
 18334 | Lair:4   | Reached skill level 10 in Transmutations
 18797 | Lair:5   | Noticed Nessos
 18816 | Lair:5   | Killed Nessos
 18817 | Lair:5   | Reached skill level 1 in Invocations
 18817 | Lair:5   | Reached XP level 13. HP: 95/95 MP: 14/16
 19479 | Lair:5   | Noticed Urug
 19487 | Lair:5   | Killed Urug
 20027 | Lair:6   | Entered Level 6 of the Lair of Beasts
 20081 | Lair:6   | Reached skill level 5 in Invocations
 20176 | Lair:6   | Found a viscous altar of Jiyva.
 20252 | Lair:6   | Found a staircase to the Slime Pits.
 20690 | Lair:6   | Noticed a dire elephant
 21414 | Lair:6   | Killed a dire elephant
 21772 | Lair:6   | Reached XP level 14. HP: 101/101 MP: 20/20
 21978 | Lair:6   | Reached ****** piety under Cheibriados
 23462 | D:11     | Got Sif Muna's Atlas of Combed Thunderclap
 23561 | D:11     | Got the Quarto of Plaster Cramp
 23568 | D:11     | Got the Codex of Axaxaxas mlö
 24057 | D:12     | Noticed Maurice
 24062 | D:12     | Killed Maurice
 24143 | D:12     | Reached skill level 10 in Invocations
 25264 | Orc:1    | Entered Level 1 of the Orcish Mines
 25405 | Orc:1    | Noticed Nergalle
 25424 | Orc:1    | Killed Nergalle
 25528 | Orc:1    | Noticed Harold
 25537 | Orc:1    | Killed Harold
 25733 | Orc:2    | Entered Level 2 of the Orcish Mines
 25829 | Orc:2    | Noticed Sonja
 25831 | Orc:2    | Killed Sonja
 26084 | Orc:2    | Noticed Snorg
 26097 | Orc:2    | Killed Snorg
 26161 | Orc:2    | Noticed an orc warlord
 26174 | Orc:2    | Killed an orc warlord
 26182 | Orc:2    | Reached XP level 15. HP: 106/106 MP: 23/23
 26835 | Orc:2    | Found Coyvvet's Commerce Corner.
 26999 | Orc:2    | Noticed Erolcha
 27020 | Orc:2    | Killed Erolcha
 27135 | Orc:2    | Found a staircase to the Elven Halls.
 27344 | Orc:2    | Noticed Saint Roka
 27366 | Orc:2    | Killed Saint Roka
 27367 | Orc:2    | Reached skill level 15 in Transmutations
 27559 | Orc:2    | Found Moh Heta's Antique Weapon Emporium.
 27561 | Orc:2    | Found Vuddomn's Antique Armour Shoppe.
 27720 | Orc:2    | Found Wiugumur's Antique Armour Boutique.
 27754 | Orc:2    | Found Seurapn's General Store.
 27778 | Orc:2    | Bought a scroll of blinking for 112 gold pieces
 27778 | Orc:2    | Bought a phantom mirror for 600 gold pieces
 29333 | D:13     | Identified the +6 flail "Nausoxka" {venom, *Noise rN++
                  | Str+3 Int+2}
 29632 | D:14     | Found a gate to the Vaults.
 30148 | D:14     | Found a portal to a secret trove of treasure.
 30170 | D:14     | You paid a toll of 6 scrolls of fog to enter a treasure
                  | trove
 30171 | Trove    | Entered a treasure trove
 30180 | Trove    | Got Sif Muna's Incunabulum of the Salvo and the Ground
 30185 | Trove    | Got Sif Muna's Reference Book on Shifting Companions
 30205 | Trove    | Got the Atlas of Filth and Attacks
 30227 | Trove    | Got the Omnibus of the Beginning
 30230 | Trove    | Got the Papyrus of Calefaction and Iniquitous Rituals
 30259 | Trove    | Got Sif Muna's Omnibus of Morality
 30270 | Trove    | Learned a level 6 spell: Statue Form
 30412 | D:14     | Reached skill level 1 in Earth Magic
 30846 | Snake:1  | Entered Level 1 of the Snake Pit
 30846 | Snake:1  | Found a blossoming altar of Fedhas.
 31382 | Snake:1  | Reached skill level 5 in Earth Magic
 32410 | Snake:2  | Reached XP level 16. HP: 106/112 MP: 25/25
 32872 | Snake:3  | Identified the +10 trident of Anoelles {vorpal, rCorr}
 32898 | Snake:3  | Found Vackat's Antique Armour Shoppe.
 32906 | Snake:3  | Noticed a nagaraja
 32915 | Snake:3  | Killed a nagaraja
 32920 | Snake:3  | Reached skill level 10 in Earth Magic
 33065 | Snake:3  | Found a radiant altar of Vehumet.
 33876 | Snake:4  | Entered Level 4 of the Snake Pit
 34080 | Snake:4  | Found a runed translucent door.
 34082 | Snake:4  | Found a shimmering altar of Xom.
 34082 | Snake:4  | Noticed zhov's ghost (adept MiFi)
 34118 | Snake:4  | Noticed a nagaraja
 34127 | Snake:4  | Killed a nagaraja
 34308 | Snake:4  | Noticed a nagaraja
 34490 | Shoals:1 | Entered Level 1 of the Shoals
 34948 | Shoals:1 | Reached skill level 1 in Air Magic
 35129 | Shoals:1 | Noticed a kraken
 35146 | Shoals:1 | Killed a kraken
 36278 | Shoals:2 | Found Peele's Mayhem Merchandise.
 36287 | Shoals:2 | Bought a wand of iceblast (2) for 96 gold pieces
 36776 | Shoals:2 | Reached XP level 17. HP: 117/117 MP: 26/26
 36897 | Shoals:2 | Found a bloodstained altar of Trog.
 37413 | Shoals:3 | Noticed Jorgrun
 38117 | Shoals:3 | Noticed Nikola
 38128 | Shoals:3 | Killed Nikola
 38147 | Shoals:4 | Entered Level 4 of the Shoals
 38356 | Shoals:4 | Noticed Donald
 38364 | Shoals:4 | Killed Donald
 38718 | Shoals:4 | Reached skill level 1 in Shields
 39314 | Shoals:4 | Got a barnacled rune of Zot
 39430 | Shoals:3 | Noticed Ilsuiw
 39470 | Shoals:4 | Reached skill level 5 in Shields
 40435 | Shoals:4 | Got the Parchment of the Unclean Pyromaniac
 40891 | Shoals:3 | Reached skill level 5 in Stealth
 41735 | Snake:4  | Got a serpentine rune of Zot
 41846 | Snake:4  | Reached XP level 18. HP: 126/126 MP: 27/27
 42161 | D:15     | Entered Level 15 of the Dungeon
 42481 | D:15     | Noticed Kirke
 42488 | D:15     | Killed Kirke
 42598 | D:15     | Found an opulent altar of Gozag.
 43032 | D:15     | Found a staircase to the Depths.
 43214 | Elf:1    | Entered Level 1 of the Elven Halls
 43265 | Elf:1    | Reached skill level 10 in Shields
 43672 | Elf:1    | Noticed Roxanne
 43698 | Elf:1    | Found Udelamups's Armour Emporium.
 44977 | Elf:2    | Paralysed by an air elemental for 1 turns
 44995 | Elf:2    | Reached skill level 15 in Earth Magic
 45043 | Elf:2    | Found Dazum's Weapon Emporium.
 45044 | Elf:2    | Paralysed by an air elemental for 1 turns
 45055 | Elf:2    | Found Acvy's Antique Armour Shoppe.
 45064 | Elf:2    | Found Cainac's Antique Armour Emporium.
 45085 | Elf:2    | Paralysed by an air elemental for 1 turns
 45961 | Vaults:1 | Entered Level 1 of the Vaults
 45961 | Vaults:1 | Found Buzebloo's Weapon Boutique.
 46228 | Vaults:1 | Reached XP level 19. HP: 132/132 MP: 28/28
 46335 | Vaults:1 | Demolished by a tengu reaver simulacrum

Illustrated notes

Levels and vault maps discovered:
D:1:      saegor_arrival_simple_c, layout_loops_ring
D:2:      layout_loops_ring, nicolae_ecumenical_pavilion, serial_shops,
          shop_statue, roderic_roman_lattice, uniq_natasha
D:3:      layout_loops_ring, mainiacjoe_overflow_swirl,
          mainiacjoe_overflow_alcove_1, kennysheep_nondescript, uniq_terence
D:4:      layout_cave_pods, zin_purify
D:5:      layout_cave_pods, grunt_ministairs_15, uniq_duvessa
D:6:      layout_loops_ring
D:7:      layout_rooms, minmay_temple_entry_glassed_door, gammafunk_ghost_hive,
          lemuel_flamethrower_2
D:8:      layout_layer_cave, lemuel_tele_altar, serial_undead, serial_undead_b,
          serial_undead_f, serial_undead_d, serial_undead_c, serial_undead_f,
          serial_undead_b, serial_undead_b, nicolae_wwwww
D:9:      layout_irregular_city, grunt_lair_entry_orc_guard_hut,
          minmay_fractal_squares_gapless_5
D:10:     layout_big_octagon, erik_orc_2
D:11:     layout_loops_ring, bh_hangedman_babel_library
D:12:     layout_roguey, uniq_maurice
D:13:     layout_cave_pools
D:14:     minmay_the_grid_3x2 [minmay_the_grid_aliased_spiral,
          minmay_the_grid_minigrid_medium, minmay_the_grid_plusring,
          minmay_the_grid_embedded, minmay_the_grid_doors,
          minmay_the_grid_prize_shrinking_boxes], layout_basic,
          hangedman_decor_opposing, nicolae_trove_entry_columns
D:15:     grunt_enter_depths_magical_seal, layout_loops_corners,
          glass_columns_a, nicolae_gozag_seed_capital, uniq_kirke
Temple:   hellmonk_temple_divided_pantheon
Lair:1:   layout_layer_cave, enter_volcano_3, uniq_fannar
Lair:2:   layout_loops_ring, shoals_dummy_entry, gammafunk_lair_bear_cave,
          serial_bayou_shore_b
Lair:3:   layout_cave_pods, grunt_megastairs_1
Lair:4:   layout_roguey, guppyfry_snake_entry_garden, lemuel_fruit_tree
Lair:5:   layout_loops_ring, serial_forest, infiniplex_forest_clump_small,
          infiniplex_forest_lined_corner, infiniplex_forest_clump_large,
          infiniplex_forest_clump_curved, infiniplex_forest_clump_medium,
          infiniplex_forest_lined_2, infiniplex_forest_clump_long,
          infiniplex_forest_lined_corner, nicolae_quartered_pool_super,
          uniq_nessos, uniq_urug
Lair:6:   due_jungle_book, layout_cave_pods, minmay_slime_entry_jelly_boxes,
          chequers_serial_rivers_marsh, st_stairs_11
Shoals:1: layout_shoals
Shoals:2: layout_shoals, nicolae_shoals_lost_giant_temple, minmay_shop_mayhem,
          nicolae_shoals_nautilus_by_nature, lemuel_centaur_altar
Shoals:3: layout_shoals, uniq_ilsuiw, uniq_nikola, uniq_aizul, uniq_jorgrun
Shoals:4: shoals_end_simple, layout_shoals, uniq_donald
Snake:1:  layout_misc_corridors, basic_altar, st_stairs_2, serial_bayou_shore_a
Snake:2:  layout_rooms
Snake:3:  layout_cave_town, basic_altar, serial_shops, shop
Snake:4:  grunt_snake_rune_spirals, layout_onion, ebering_ghost_xom
Orc:1:    layout_diamond_mine, uniq_harold, uniq_nergalle
Orc:2:    grunt_orc_community_town_hall, layout_caves,
          grunt_orc_community_big_house_1, grunt_orc_community_big_house_2,
          grunt_orc_community_house_2, grunt_orc_community_house_1,
          grunt_orc_community_house_3, grunt_orc_community_house_3,
          grunt_orc_community_house_2, grunt_orc_community_house_3,
          nicolae_alphabet_shops, mines1_david, uniq_erolcha, uniq_snorg,
          uniq_sonja
Elf:1:    minmay_elf_arrival_plus, layout_geoelf_grid, serial_shops, shop,
          minmay_elf_crystal_hexagon, st_stairs_4, uniq_roxanne
Elf:2:    elven_hall_of_blades_hangedman_alternative [nicolae_blade_tridents],
          layout_geoelf_octagon, minmay_shop_star
Vaults:1: hangedman_vaults_capsules, nicolae_vaults_circle_grid_a,
          dpeg_vaults_monster_box, v_misc_18, hangedman_vaults_variations,
          nicolae_vaults_little_squares_2, nicolae_vaults_network_quinsquares
          [nicolae_vaults_network_quincunx_subvault,
          nicolae_vaults_network_quincunx_subvault,
          nicolae_vaults_network_quincunx_subvault,
          nicolae_vaults_network_quincunx_subvault], ontoclasm_vaults_chip,
          grunt_vaults_diagonal, layout_vaults_big_cross, serial_shops,
          nicolae_shop_bloodbath_and_beyond

Skill      XL: |  1  2  3  4  5  6  7  8  9 10 11 12 13 14 15 16 17 18 |
---------------+-------------------------------------------------------+-----
Stealth        | 1 2 8 9 |  9.0
Poison Magic   | 1 |  1.0
Fighting       | 2 3 4 6 7 8 10 11 12 | 12.8
Dodging        | 3 4 6 7 8 9 10 11 12 | 12.8
Unarmed Combat | 4 5 6 7 8 9 10 11 12 | 12.8
Transmutations | 3 5 7 10 12 14 15 | 15.2
Ice Magic      | 5 |  5.0
Invocations    | 1 8 11 13 | 13.0
Earth Magic    | 7 13 15 | 15.0
Air Magic      | 2 3 |  3.4
Shields        | 7 10 | 10.0
Spellcasting   | |  2.0

Action                   |  1- 3 |  4- 6 |  7- 9 | 10-12 | 13-15 | 16-18 | 19-21 || total
-------------------------+-------+-------+-------+-------+-------+-------+-------++-------
Melee: Unarmed           |    61 |   104 |   179 |   425 |   771 |   616 |    44 ||  2200
       Kick              |    14 |    12 |     7 |       |       |       |       ||    33
       Constrict         |    14 |    12 |     6 |     2 |     6 |   116 |     7 ||   163
       Tentacles         |    10 |     6 |    10 |     4 |    10 |   183 |    11 ||   234
       Punch             |     2 |     2 |     2 |       |     6 |    63 |     8 ||    83
       Trident           |       |       |    47 |     9 |     1 |       |       ||    57
 Cast: Beastly Appendage |    23 |    21 |    13 |       |       |       |       ||    57
       Spider Form       |     1 |     6 |    22 |    14 |     2 |       |       ||    45
       Wereblood         |       |     1 |     2 |     9 |    15 |    12 |     1 ||    40
       Ice Form          |       |       |     3 |    57 |   133 |       |       ||   193
       Statue Form       |       |       |       |       |    10 |   165 |     5 ||   180
Invok: Slouch            |       |       |       |     2 |     6 |    14 |     2 ||    24
       Step From Time    |       |       |       |       |       |     4 |       ||     4
Evoke: Wand              |       |       |     1 |    19 |     7 |       |       ||    27
       Condenser vane    |       |       |       |       |     2 |     1 |       ||     3
       Phial of floods   |       |       |       |       |     2 |       |       ||     2
       Phantom mirror    |       |       |       |       |       |     1 |       ||     1
  Use: Potion            |       |     1 |       |       |     2 |     8 |       ||    11
       Scroll            |       |     7 |       |    12 |    15 |     9 |       ||    43
 Stab: Sleeping          |    11 |     6 |     3 |     4 |     6 |     9 |       ||    39
       Distracted        |       |       |       |     1 |     1 |       |       ||     2
       Confused          |       |       |       |       |     3 |       |       ||     3
Armor: Skin              |     3 |    21 |    23 |    83 |   192 |   366 |    65 ||   753
Dodge: Dodged            |    25 |    74 |   227 |   494 |   864 |  1138 |   200 ||  3022
Block: Kite shield       |       |       |       |       |       |   385 |    99 ||   484
       Reflection        |       |       |       |       |       |    84 |     2 ||    86

Table legend: (Time is in decaauts)
 A = Elapsed time spent in this place.
 B = Non-inter-level travel time spent in this place.
 C = Inter-level travel time spent in this place.
 D = Time resting spent in this place.
 E = Time spent auto-exploring this place.
 F = Levels seen in this place.
 G = Mean time per level.
                   A        B        C        D        E       F      G
               +--------+--------+--------+--------+--------+-----+--------+
         Total |  66097 |  60385 |   5712 |   7654 |  43460 |  36 | 1836.0 |
       Dungeon |  25280 |  22845 |   2435 |   3182 |  16599 |  15 | 1685.3 |
        Temple |     46 |     46 |      0 |      0 |      6 |   1 |   46.0 |
          Lair |  13479 |  12112 |   1367 |    677 |  10086 |   6 | 2246.5 |
        Shoals |  10322 |   9716 |    606 |   1959 |   6052 |   4 | 2580.5 |
     Snake Pit |   7774 |   6896 |    878 |    600 |   5117 |   4 | 1943.5 |
  Orcish Mines |   4010 |   3728 |    282 |    253 |   2777 |   2 | 2005.0 |
   Elven Halls |   4231 |   4091 |    140 |    981 |   2254 |   2 | 2115.5 |
        Vaults |    758 |    757 |      1 |      0 |    568 |   1 |  758.0 |
         Trove |    192 |    192 |      0 |      0 |      0 |   1 |  192.0 |
               +--------+--------+--------+--------+--------+-----+--------+

Top non-repeatable levels by time:
Shoals:4: 4170 daAuts
  Lair:6: 3137 daAuts
   Orc:2: 3123 daAuts
   Elf:1: 2959 daAuts
  Lair:2: 2507 daAuts
Shoals:2: 2507 daAuts
Shoals:1: 2493 daAuts
     D:8: 2460 daAuts
  Lair:1: 2351 daAuts
    D:12: 2265 daAuts
 Snake:3: 2223 daAuts
     D:5: 2199 daAuts
 Snake:4: 2163 daAuts
     D:9: 2021 daAuts
 Snake:1: 1960 daAuts
